 Dungeon Crawl Stone Soup version 0.30-a0-272-gf98c3da03f (webtiles) character file.

Game seed: 1668198157907393

11 blackops3 the Chiller (level 2, -4/11 HPs)
             Began as a Felid Ice Elementalist on Oct 15, 2022.
             Frozen to death by an endoplasm (5 damage)
             ... on level 1 of the Dungeon.
             The game lasted 00:02:39 (328 turns).

blackops3 the Chiller (Felid Ice Elementalist)       Turns: 328, Time: 00:02:39

Health: -4/11      AC:  1    Str:  4    XL:     2   Next: 17%
Magic:  2/6        EV: 17    Int: 16    God:
Gold:   5          SH:  0    Dex: 16    Spells: 4/5 levels left
                                        Lives:  0   Deaths: 0

rFire   . . .      SeeInvis +    (weapon unavailable)
rCold   . . .      Faith    .    (shield unavailable)
rNeg    . . .      Spirit   .    (body armour unavailable)
rPois   .          Reflect  .    (helmet unavailable)
rElec   .          Harm     .    (cloak unavailable)
rCorr   .          Rampage  .    (gloves unavailable)
Will    .....                    (boots unavailable)
Stlth   ++........               (no amulet)
HPRegen 0.21/turn                (no ring)
MPRegen 0.10/turn                (no ring)

@: quick
A: very small, claws 1, fangs 3, see invisible, speed 1, shaggy fur 1, stealthy
paws, no weapons or thrown items, no armour, multi-lived
a: no special abilities


You were on level 1 of the Dungeon.
You visited 1 branch of the dungeon, and saw 1 of its levels.

You collected 5 gold pieces.

Inventory:

Scrolls
 b - 2 scrolls of identify
 c - a scroll of magic mapping
Potions
 a - a potion of magic


   Skills:
 + Level 2.7 Dodging
 + Level 2.7 Stealth
 + Level 2.1 Spellcasting
 + Level 4.0 Ice Magic


You had 4 spell levels left.
You knew the following spells:

 Your Spells              Type           Power      Damage    Failure   Level
a - Freeze                Ice            56%        1d7       3%          1

Your spell library contained the following spells:

 Spells                   Type           Power      Damage    Failure   Level
 Frozen Ramparts          Ice            28%        1d5       12%         3
 Ozocubu's Armour         Ice            14%        N/A       12%         3
 Foxfire                  Conj/Fire      4%         2x1d4     21%         1
 Summon Ice Beast         Ice/Summ       8%         N/A       65%         4
 Freezing Cloud           Conj/Ice/Air   3%         6-21      97%         5
 Disjunction              Tloc           0%         N/A       100%        8


Dungeon Overview and Level Annotations

Branches:
Dungeon (1/15)

Altars:


Innate Abilities, Weirdness & Mutations

You have sharp claws.
You have razor-sharp teeth.
You have supernaturally acute eyesight. (SInv)
You cover ground quickly. (Speed+)
You are covered in fur. (AC +1)
Your paws help you pounce on unaware monsters.
You are incapable of wielding weapons or throwing items.
You cannot wear armour.
You gain extra lives every three experience levels.


Message History

The dart slug launches a dart at you. The slug dart hits you.
You see here a ball python corpse.
You are too injured to fight recklessly!
You are too injured to fight recklessly!
You are too injured to fight recklessly!
You are too injured to fight recklessly!
The endoplasm quivers.
You scratch the dart slug.
The dart slug is moderately wounded.
The dart slug completely misses you.
You scratch the dart slug but do no damage.
You claw the dart slug, but do no damage.
The dart slug is moderately wounded.
You scratch the dart slug.
The dart slug is heavily wounded.
The dart slug closely misses you. The endoplasm misses you.
You scratch the dart slug. You bite the dart slug.
The dart slug is almost dead.
The endoplasm misses you. The dart slug launches a dart at you.
The slug dart misses you.
You scratch the dart slug but do no damage.
You claw the dart slug, but do no damage.
The dart slug is almost dead.
The endoplasm jiggles.
The endoplasm hits you.
* * * LOW HITPOINT WARNING * * *
The dart slug launches a dart at you. The slug dart misses you.
You scratch the dart slug but do no damage.
The dart slug is almost dead.
The endoplasm freezes you.
You are frozen.
* * * LOW HITPOINT WARNING * * *
You scratch the dart slug.
You kill the dart slug!
The endoplasm freezes you.
You are frozen.
You die...

.# ##.##. .. .###
##.......#w #?
...###..........# .# #
......>..##...#.. ##.#.
.#..##..#...... .#.... .
....##.......# ....# .
.............# #...#.#
.....)...#...####).##.#
..#####.......#.@J....#
..# #.......#†#...#.#
..#####............[#.#
..#.....#.#...#.#.....####
..#####................?..
.. #.#.#.....#..#..####
.....#........#..#
#.....#...........#
###.....#........##


You could see an endoplasm.

Vanquished Creatures
  2 dart slugs (D:1)
  2 endoplasms (D:1)
  A giant cockroach (D:1)
  4 ball pythons (D:1)
  2 frilled lizards (D:1)
  A kobold (D:1)
12 creatures vanquished.

Notes
Turn   | Place    | Note
-------+----------+-------------------------------------------
     0 | D:1      | blackops3 the Felid Ice Elementalist began the quest for
                  | the Orb.
     0 | D:1      | Reached XP level 1. HP: 7/7 MP: 4/4
   298 | D:1      | Got the Tome of Philately
   308 | D:1      | Reached XP level 2. HP: 11/11 MP: 4/6
   312 | D:1      | Reached skill level 4 in Ice Magic
   328 | D:1      | Frozen to death by an endoplasm

Illustrated notes

Levels and vault maps discovered:
D:1:      lemuel_arrival_river_bridge, layout_basic, hangedman_decor_riveting,
          minmay_hexomino_r4

Skill      XL: |  1  2 |
---------------+-------+-----
Ice Magic      | 4 |  4.0
Dodging        | |  2.7
Stealth        | |  2.7
Spellcasting   | |  2.1

Action                   || total
-------------------------++-------
Melee: Unarmed           ||    22
       Bite              ||     3
       Punch             ||     2
 Cast: Freeze            ||    11
  Use: Scroll            ||     1
 Stab: Sleeping          ||     2
Dodge: Dodged            ||    38

Table legend: (Time is in decaauts)
 A = Elapsed time spent in this place.
 B = Non-inter-level travel time spent in this place.
 C = Inter-level travel time spent in this place.
 D = Time resting spent in this place.
 E = Time spent auto-exploring this place.
 F = Levels seen in this place.
 G = Mean time per level.
                   A        B        C        D        E       F      G
               +--------+--------+--------+--------+--------+-----+--------+
         Total |    285 |    285 |      0 |     56 |    144 |   1 |  285.0 |
       Dungeon |    285 |    285 |      0 |     56 |    144 |   1 |  285.0 |
               +--------+--------+--------+--------+--------+-----+--------+

Top non-repeatable levels by time:
     D:1: 285 daAuts
